 Dungeon Crawl Stone Soup version 0.31-a0-521-gc7390f8997 (webtiles) character file.

Game seed: 16889600967133686022

864 jasper the Changeling (level 7, -1/36 HPs)
             Began as a Spriggan Shapeshifter on Aug 10, 2023.
             Was a Follower of Fedhas.
             Slain by a kobold brigand
             ... wielding a +0 dagger of venom
              (9 damage)
             ... in a sewer.
             The game lasted 00:06:22 (3779 turns).

jasper the Changeling (Spriggan Shapeshifter)       Turns: 3779, Time: 00:06:24

Health: -1/36      AC:  2    Str: 11    XL:     7   Next: 72%
Magic:  9/9        EV: 25    Int:  9    God:    Fedhas [*.....]
Gold:   75         SH:  0    Dex: 18    Spells: 6/6 levels left

rFire   . . .        f - +2 dagger (venom)
rCold   + . .        (no shield)
rNeg    . . .        a - +0 animal skin
rPois   .            (helmet currently unavailable)
rElec   .            (cloak currently unavailable)
rCorr   .            (gloves unavailable)
SInv    +            (boots unavailable)
Will    +....        (no amulet)
Stlth   +++          j - +5 ring of evasion
HPRegen 0.26/turn    g - ring of protection from cold
MPRegen 0.11/turn

%: no passive effects
@: lethally poisoned (-1 -> -17), beast-form, slowed, quick
A: beast (slay +4), very small, no large weapons, unfitting armour, see
invisible, speed 3
a: Begin Untransformation, Renounce Religion


You were in a sewer.
You worshipped Fedhas.
Fedhas was aware of your devotion.
You were a hulking beast.
You visited 1 branch of the dungeon, and saw 5 of its levels.
You also visited: Sewer.

You collected 273 gold pieces.
You spent 198 gold pieces at shops.

Inventory:

Hand Weapons
 f - a +2 dagger of venom (weapon)
Missiles
 e - 65 stones
 i - a throwing net
 q - 8 poisoned darts
 v - 5 boomerangs
Armour
 a - a +0 animal skin (worn)
 s - a +2 cloak
Jewellery
 g - a ring of protection from cold (right hand)
 j - a +5 ring of evasion (left hand)
Talismans
 c - a beast talisman (active)
 d - a flux talisman
Wands
 t - a wand of digging (5)
Scrolls
 n - 2 scrolls of teleportation
 p - a scroll of identify
 u - 3 scrolls of immolation
 y - a scroll of vulnerability {unknown}
 z - a scroll of fog
 A - a scroll of torment {unknown}
Potions
 b - 2 potions of lignification
 h - a potion of heal wounds
 k - 2 potions of magic
 l - 4 potions of enlightenment
 m - 2 potions of curing
 o - 2 potions of degeneration
 r - 2 potions of haste
 w - a potion of mutation {unknown}
 x - a potion of attraction {unknown}


   Skills:
 + Level 3.0 Fighting
 + Level 5.3 Dodging
 - Level 5.0 Stealth
 + Level 3.6 Unarmed Combat
 + Level 1.9 Invocations
 * Level 6.6 Shapeshifting


You had 6 spell levels left.
You didn't know any spells.
Your spell library contained the following spells:

 Spells                   Type           Power      Damage    Failure   Level
 Necrotise                Necr           0%         1d4       38%         1
 Call Canine Familiar     Summ           0%         N/A       77%         3
 Inner Flame              Hex/Fire       0%         N/A       77%         3
 Portal Projectile        Hex/Tloc       0%         N/A       77%         3
 Vampiric Draining        Necr           0%         2d6       77%         3
 Flame Wave               Conj/Fire      0%         2d4       99%         4
 Leda's Liquefaction      Hex/Erth       0%         N/A       99%         4
 Sticky Flame             Conj/Fire      0%         2d3       99%         4
 Agony                    Necr           0%         N/A       100%        5


Dungeon Overview and Level Annotations

Branches:
Dungeon (5/15)              Sewer (1/1)
 Temple: D:4-7

Altars:
Cheibriados
Fedhas
Kikubaaqudgha
Qazlal
The Shining One

Shops:
D:5 **


Innate Abilities, Weirdness & Mutations

You are a hulking beast.
Your limbs bulge with bestial killing power. (Slay +4)
You are very small and have problems with some larger weapons.
You are too small for most types of armour.
You have supernaturally acute eyesight. (SInv)
You cover ground extremely quickly. (Speed+++)


Message History

The kobold barely misses you.
The kobold brigand completely misses you.
You closely miss the kobold brigand. The kobold barely misses you.
The kobold brigand misses you. The kobold hits you but does no damage.
You closely miss the kobold brigand. The kobold brigand misses you.
The kobold misses you.
The kobold brigand completely misses you.
You barely miss the kobold brigand.
The kobold hits you with a +0 short sword.
The kobold brigand completely misses you.
The kobold hits you with a +0 short sword.
You take 5 damage, and have 31/36 hp.
You hit the kobold brigand but do no damage.
The kobold brigand completely misses you.
The kobold misses you.
The kobold brigand hits you with a +0 dagger of venom.
You are poisoned.
You take 1 damage, and have 30/36 hp.
You hit the kobold brigand but do no damage.
You feel very sick. The kobold misses you.
The kobold brigand barely misses you.
The kobold hits you with a +0 short sword.
You take 7 damage, and have 23/36 hp.
You hit the kobold brigand.
The kobold brigand is poisoned.
The kobold brigand is lightly wounded.
You feel very sick.
The kobold brigand hits you with a +0 dagger of venom.
You are more poisoned.
The kobold barely misses you.
The kobold brigand hits you with a +0 dagger of venom.
You are lethally poisoned!
You take 8 damage, and have 15/36 hp.
MASSIVE DAMAGE!!
You hit the kobold brigand.
The kobold brigand looks even sicker.
The kobold brigand is moderately wounded.
* * * LOW HITPOINT WARNING * * *
You feel extremely sick. The kobold hits you but does no damage.
The kobold brigand hits you with a +0 dagger of venom!
You die...
Fedhas appreciates your contribution to the ecosystem.

### ##### ## ###..
##...## ##~
#...K#####...~.#####.~
#.~Kh.....~...≈≈≈≈≈..
#~!.#####.....#####..
##~# ##~..## ##. ##
##~## ## #†# # #~# #
##### ##~## ## ##..~##
##...## ##.
#....~####.....#####.~


You could see a kobold brigand (very poisoned) and a kobold.

Vanquished Creatures
  Sigmund (D:3)
  An ogre (D:5)
  3 phantoms
  A scorpion (D:4)
  A howler monkey (D:4)
  A jelly (D:5)
  A gnoll bouda (D:5)
  4 gnolls (D:5)
  12 adders
  A river rat (Sewer)
  3 worms
  2 dart slugs (D:4)
  An orc (D:3)
  4 bats
  12 endoplasms
  5 giant cockroaches
  6 goblins
  5 hobgoblins
  3 jackals (D:2)
  A quokka (D:2)
  12 ball pythons
  2 frilled lizards
  10 kobolds
  5 rats
97 creatures vanquished.

Vanquished Creatures (others)
  An adder (D:5)
1 creature vanquished.

Grand Total: 98 creatures vanquished

Notes
Turn   | Place    | Note
-------+----------+-------------------------------------------
     0 | D:1      | jasper the Spriggan Shapeshifter began the quest for the
                  | Orb.
     0 | D:1      | Reached XP level 1. HP: 9/9 MP: 2/2
   175 | D:1      | Reached skill level 1 in Fighting
   209 | D:1      | Reached XP level 2. HP: 2/14 MP: 3/3
   703 | D:2      | Reached skill level 1 in Stealth
   783 | D:2      | Reached XP level 3. HP: 15/18 MP: 4/4
  1080 | D:2      | Reached XP level 4. HP: 22/22 MP: 5/5
  1588 | D:3      | Found a blossoming altar of Fedhas.
  1681 | D:3      | Found a snail-covered altar of Cheibriados.
  1749 | D:3      | Noticed Sigmund
  1760 | D:3      | Killed Sigmund
  1761 | D:3      | Reached skill level 5 in Shapeshifting
  1761 | D:3      | Reached XP level 5. HP: 12/26 MP: 6/6
  2116 | D:3      | Became a worshipper of Fedhas Madash
  2324 | D:4      | Reached XP level 6. HP: 21/30 MP: 7/7
  2838 | D:4      | Reached skill level 1 in Invocations
  2936 | D:5      | Entered Level 5 of the Dungeon
  2975 | D:5      | Reached skill level 6 in Shapeshifting
  2978 | D:5      | Reached XP level 7. HP: 25/35 MP: 8/8
  3031 | D:5      | Found a stormy altar of Qazlal.
  3115 | D:5      | Found a glowing golden altar of the Shining One.
  3266 | D:5      | Found an ancient bone altar of Kikubaaqudgha.
  3270 | D:5      | Reached * piety under Fedhas
  3316 | D:5      | Found Acugir's General Store.
  3318 | D:5      | Found Yxteugree's Specific Store.
  3325 | D:5      | Bought a potion of heal wounds for 75 gold pieces
  3325 | D:5      | Bought a scroll of identify for 30 gold pieces
  3325 | D:5      | Bought a scroll of identify for 30 gold pieces
  3325 | D:5      | Bought a wand of digging (1) for 63 gold pieces
  3359 | D:5      | Reached skill level 5 in Dodging
  3489 | D:5      | Found a glowing drain.
  3518 | Sewer    | Entered a sewer
  3576 | Sewer    | Reached skill level 5 in Stealth
  3779 | Sewer    | Slain by a kobold brigand

Illustrated notes

Levels and vault maps discovered:
D:1:      lightli_arrival_lavapool, layout_rooms
D:2:      layout_loops_corners, minmay_heptomino_d4
D:3:      layout_rooms, cheibriados_altar_1, lemuel_tele_altar,
          minmay_statues_item, hangedman_decor_push, uniq_sigmund
D:4:      layout_basic, serial_bayou_pond_c, chequers_serial_rivers_micro_c
D:5:      layout_basic, kiku_gazebo_pond_becter,
          nicolae_gozag_zags_fifth_avenue, tso_oasis_becter,
          mainiacjoe_overflow_catwalk, gup_sewer_entry_glass,
          nicolae_specific_store
Sewer:    sewer_co_15_rooms

Skill      XL: |  1  2  3  4  5  6  7 |
---------------+----------------------+-----
Fighting       | 1 2 3 |  3.0
Stealth        | 1 2 3 4 5 |  5.0
Dodging        | 3 4 5 |  5.3
Unarmed Combat | 3 |  3.6
Shapeshifting  | 5 6 |  6.6
Invocations    | 1 |  1.9

Action                     |  1- 3 |  4- 6 |  7- 9 || total
---------------------------+-------+-------+-------++-------
  Melee: Dagger            |    61 |    99 |    78 ||   238
         Unarmed           |     5 |       |       ||     5
         Punch             |       |     1 |     1 ||     2
    Use: Scroll            |     3 |     5 |     4 ||    12
         Potion            |       |       |     2 ||     2
   Stab: Sleeping          |     5 |    10 |     7 ||    22
 Armour: Animal skin       |    11 |     5 |     3 ||    19
  Dodge: Dodged            |    48 |    68 |    76 ||   192

Table legend: (Time is in decaauts)
 A = Elapsed time spent in this place.
 B = Non-inter-level travel time spent in this place.
 C = Inter-level travel time spent in this place.
 D = Time resting spent in this place.
 E = Time spent auto-exploring this place.
 F = Levels seen in this place.
 G = Mean time per level.
                   A        B        C        D        E       F      G
               +--------+--------+--------+--------+--------+-----+--------+
         Total |   2641 |   2528 |    113 |    108 |   1743 |   6 |  440.2 |
       Dungeon |   2389 |   2276 |    113 |    108 |   1634 |   5 |  477.8 |
         Sewer |    252 |    252 |      0 |      0 |    109 |   1 |  252.0 |
               +--------+--------+--------+--------+--------+-----+--------+

Top non-repeatable levels by time:
     D:2: 606 daAuts
     D:4: 529 daAuts
     D:1: 465 daAuts
     D:5: 399 daAuts
     D:3: 389 daAuts
   Sewer: 252 daAuts
